[Event "Titled Tuesday Blitz April 11 Early 2023"]
[White "Aldokhin, Ivan"]
[Black "Borrmann, Laurenz"]
[WhiteFideId "24115720"]
[BlackFideId "312187930"]
[WhiteElo "2322"]
[BlackElo "2312"]
[Result "0-1"]
[Round "11"]
[TimeControl "180+2"]
[Date "2023.04.11"]
[WhiteClock "0:00:03"]
[BlackClock "0:00:05"]

1. e4 c5 2. Nf3 e6 3. d4 cxd4 4. Nxd4 a6 5. Nc3 Qc7 6. Bd3 Nc6 7. Nxc6 bxc6 8. O-O d5 9. Re1 Nf6 10. Bg5 Be7 11. e5 Ng8 12. Bf4 g5 13. Bd2 h5 14. Na4 c5 15. c4 d4 16. b4 cxb4 17. c5 a5 18. Nb6 Rb8 19. Qa4+ Kf8 20. Nxc8 Rxc8 21. Rac1 Nh6 22. c6 Ng4 23. a3 Nxe5 24. Ba6 Rb8 25. Rxe5 Qxe5 26. c7 Kg7 27. cxb8=Q Rxb8 28. axb4 axb4 29. Qb3 Bd6 30. g3 h4 31. Bf1 hxg3 32. hxg3 Rh8 33. Bxb4 Bb8 34. Bg2 Qf5 35. Rd1 Ba7 36. Qd3 Qf6 37. Bd2 e5 38. Re1 Rc8 39. g4 Bb8 40. Be4 Rd8 41. Kg2 Rh8 42. Qg3 Qe6 43. Rh1 Rxh1 44. Kxh1 Qc4 45. Kg2 Qe2 46. Qd3 Qxg4+ 47. Kf1 Qd1+ 48. Kg2 Qg4+ 49. Kh1 Qh4+ 50. Kg1 g4 51. Bg2 Qf6 52. Qe4 Qg6 53. Qxg6+ Kxg6 54. Bc6 f5 55. Kg2 Kf6 56. Bd7 Bd6 57. Ba5 e4 58. Bd8+ Ke5 59. Bb6 d3 60. Kf1 Be7 61. Bc8 Bd6 62. Ba7 f4 63. Bxg4 Bb4 64. Bh5 Bc3 65. Bb6 Kf5 66. Bc7 Be5 67. Bd1 Bxc7 68. Ke1 Be5 69. Kf1 Bd4 70. Ke1 e3 71. fxe3 fxe3 72. Kf1 Kf4 73. Bh5 Kg3 74. Bd1 Bc3 75. Bh5 Kf4 76. Bd1 Bd2 77. Bh5 Ke4 78. Bg4 Kd4 79. Bh5 Bc1 80. Bg4 Kc3 81. Bh5 Kd2 0-1


[Site "https://www.chess.com"]

[Event "Titled Tuesday Blitz April 11 Early 2023"]
[White "Deng, Henry"]
[Black "Petrov, Martin"]
[WhiteFideId "30965454"]
[BlackFideId "2911086"]
[WhiteElo "2538"]
[BlackElo "2430"]
[Result "1/2-1/2"]
[Round "11"]
[TimeControl "180+2"]
[Date "2023.04.11"]
[WhiteClock "0:00:49"]
[BlackClock "0:00:03"]

1. e4 e5 2. Nf3 Nc6 3. Bc4 Nf6 4. d3 Bc5 5. c3 O-O 6. O-O d5 7. exd5 Nxd5 8. Nbd2 Nb6 9. Bb5 Ne7 10. Nxe5 a6 11. Bc4 Bd6 12. d4 Bxe5 13. dxe5 Ng6 14. Qe2 Re8 15. f4 Bf5 16. Ne4 Nxc4 17. Qxc4 Qd7 18. Be3 Rad8 19. Rf2 b5 20. Qb4 a5 21. Qxa5 Bxe4 22. Raf1 Nh4 23. Qb4 Qc6 24. f5 Nxf5 25. Rxf5 Bxf5 26. Rxf5 Rd1+ 27. Kf2 Qd5 28. Qf4 g6 29. Rf6 Rxe5 30. Bd4 Rf5 31. Rxf5 Qxf5 32. Qxf5 gxf5 33. Kf3 Rd2 34. b4 Rxa2 35. h3 Kf8 36. g3 Ke7 37. Kf4 Ke6 38. Be5 Rf2+ 39. Ke3 Rc2 40. Bd4 h5 41. Kf4 Rh2 42. h4 f6 43. Bc5 c6 44. Bd4 Re2 45. Kf3 Re4 46. Bb6 Kd5 47. Bd8 Ke5 48. Bc7+ Ke6 49. Bb6 Kd5 50. Bd8 Ke6 51. Bb6 1/2-1/2


[Site "https://www.chess.com"]

[Event "Titled Tuesday Blitz April 11 Early 2023"]
[White "Grot, Blazej"]
[Black "Zarubitski, Viachaslau"]
[WhiteFideId "21835845"]
[BlackFideId "13509373"]
[WhiteElo "1823"]
[BlackElo "2284"]
[Result "1-0"]
[Round "11"]
[TimeControl "180+2"]
[Date "2023.04.11"]
[WhiteClock "0:01:23"]
[BlackClock "0:00:32"]

1. e4 e5 2. Nf3 Nf6 3. d4 Nxe4 4. Bd3 Nc6 5. Nxe5 Nxe5 6. dxe5 d5 7. exd6 Nxd6 8. O-O Be7 9. Re1 O-O 10. Nc3 Bf5 11. Bxf5 Nxf5 12. Qg4 g6 13. Be3 Bd6 14. Rad1 Re8 15. Bg5 Qd7 16. Ne4 Kg7 17. Bf6+ Kf8 18. Bc3 Qa4 19. Nf6 Qxg4 20. Nxh7+ Kg8 21. Nf6+ Kf8 22. Nxg4 Rxe1+ 23. Rxe1 Rd8 24. g3 Bc5 25. Kg2 Bd4 26. Rd1 Ke7 27. Bxd4 Ke8 28. Re1+ 1-0


[Site "https://www.chess.com"]

[Event "Titled Tuesday Blitz April 11 Early 2023"]
[White "Dronavalli, Harika"]
[Black "Gogolev, Artem"]
[WhiteFideId "5015197"]
[BlackFideId "4116615"]
[WhiteElo "2432"]
[BlackElo "2182"]
[Result "1-0"]
[Round "11"]
[TimeControl "180+2"]
[Date "2023.04.11"]
[WhiteClock "0:01:18"]
[BlackClock "0:00:31"]

1. e4 c6 2. Nf3 d5 3. exd5 cxd5 4. Ne5 Nc6 5. Bb5 Bd7 6. Nxd7 Qxd7 7. d4 e6 8. O-O Bd6 9. Re1 Nge7 10. c3 O-O 11. Nd2 a6 12. Bf1 b5 13. a3 Qc7 14. g3 Rab8 15. b4 e5 16. dxe5 Bxe5 17. Bb2 a5 18. Nf3 Bf6 19. Qd2 Rfd8 20. Rec1 Ne5 21. Nxe5 Bxe5 22. a4 bxa4 23. Rxa4 axb4 24. cxb4 Qd7 25. Bxe5 Qxa4 26. Bxb8 Rxb8 27. Rc7 Kf8 28. b5 d4 29. Rd7 Nf5 30. Qf4 1-0


[Site "https://www.chess.com"]

[Event "Titled Tuesday Blitz April 11 Early 2023"]
[White "Chernobay, Artem"]
[Black "Devaev, Alexander"]
[WhiteFideId "4167406"]
[BlackFideId "4169395"]
[WhiteElo "2474"]
[BlackElo "2204"]
[Result "1-0"]
[Round "11"]
[TimeControl "180+2"]
[Date "2023.04.11"]
[WhiteClock "0:00:50"]
[BlackClock "0:00:22"]

1. e4 c6 2. d4 d5 3. e5 Bf5 4. Nc3 Qb6 5. Na4 Qc7 6. Be2 e6 7. Nf3 Nd7 8. O-O Ne7 9. b3 h6 10. c4 Bg4 11. h3 Bxf3 12. Bxf3 Nb6 13. Nxb6 Qxb6 14. Ba3 Qa5 15. Bd6 Nf5 16. Bxf8 Rxf8 17. cxd5 cxd5 18. Bg4 Ne7 19. Rc1 Nc6 20. Qd3 g6 21. Rc5 Qb4 22. Rfc1 Kd7 23. Rb5 Qxd4 24. Rxd5+ 1-0


[Site "https://www.chess.com"]

[Event "Titled Tuesday Blitz April 11 Early 2023"]
[White "Maxfan2008"]
[Black "Itgelt, Khuyagtsogt"]
[BlackFideId "4902912"]
[WhiteElo "2510"]
[BlackElo "2227"]
[Result "1-0"]
[Round "11"]
[TimeControl "180+2"]
[Date "2023.04.11"]
[WhiteClock "0:00:16"]
[BlackClock "0:00:15"]

1. d4 e6 2. c4 Nf6 3. Nc3 Bb4 4. Nf3 b6 5. e3 Bb7 6. Bd3 O-O 7. O-O d5 8. cxd5 exd5 9. Ne5 a6 10. f4 Re8 11. Bd2 Be7 12. Be1 c5 13. Bh4 Nbd7 14. Bf5 Nf8 15. Qf3 g6 16. Bc2 cxd4 17. exd4 Ne6 18. Rad1 Nd7 19. Bxe7 Qxe7 20. f5 Nxd4 21. Rxd4 Nxe5 22. Qf2 Rad8 23. fxg6 hxg6 24. Kh1 Kg7 25. Nd1 Rc8 26. Ne3 Nc4 27. Rf4 Rc7 28. Nf5+ gxf5 29. Qg3+ Kf8 30. Rxf5 Ne3 31. Rh5 Qc5 32. Rh8+ Ke7 33. Qe5+ Kd7 34. Qxe8+ Kd6 35. Rf6# 1-0


[Site "https://www.chess.com"]

[Event "Titled Tuesday Blitz April 11 Early 2023"]
[White "Borgaonkar Akshay"]
[Black "Petukhov, Dmitry"]
[WhiteFideId "25639110"]
[BlackFideId "4142748"]
[WhiteElo "2063"]
[BlackElo "2311"]
[Result "0-1"]
[Round "11"]
[TimeControl "180+2"]
[Date "2023.04.11"]
[WhiteClock "0:00:11"]
[BlackClock "0:00:56"]

1. a3 h6 2. e4 d5 3. exd5 Qxd5 4. Nc3 Qd8 5. Nf3 Nc6 6. Bc4 Nf6 7. d4 e6 8. Bf4 Bd6 9. Ne5 O-O 10. Nxc6 bxc6 11. Bg3 c5 12. dxc5 Bxc5 13. Qf3 Rb8 14. Rd1 Qe7 15. b4 Bb7 16. Qe2 Bb6 17. O-O a5 18. b5 Qxa3 19. Rd3 Qc5 20. Be5 Qxc4 21. Bxf6 Qf4 22. Be5 Qf5 23. Rg3 f6 24. Bf4 Qxf4 25. Qxe6+ Kh8 26. Qe7 Rg8 27. Ne2 Qd2 28. Rd3 Qxc2 29. Nf4 Rbe8 30. Qf7 Qxf2+ 0-1


[Site "https://www.chess.com"]

[Event "Titled Tuesday Blitz April 11 Early 2023"]
[White "Leyva Rivera, Yunier"]
[Black "Mamedov, Edgar"]
[WhiteFideId "3505065"]
[BlackFideId "13739980"]
[WhiteElo "2430"]
[BlackElo "2330"]
[Result "1-0"]
[Round "11"]
[TimeControl "180+2"]
[Date "2023.04.11"]
[WhiteClock "0:00:16"]
[BlackClock "0:00:02"]

1. d4 d5 2. c4 c6 3. Nf3 Nf6 4. e3 e6 5. Nbd2 Nbd7 6. b3 Bd6 7. Bb2 O-O 8. Bd3 b6 9. Ne5 Bb7 10. f4 c5 11. O-O cxd4 12. exd4 dxc4 13. Ndxc4 Be7 14. Qe2 b5 15. Ne3 a6 16. f5 Ne4 17. Nxd7 Qxd7 18. fxe6 fxe6 19. Qg4 Nf6 20. Qh3 Bc5 21. Kh1 Bxd4 22. Rad1 e5 23. Bxh7+ Nxh7 24. Qxd7 Rab8 25. Bxd4 exd4 26. Rxf8+ Nxf8 27. Qxd4 Ne6 28. Qe5 Re8 29. Nf5 Kf7 30. Kg1 1-0


[Site "https://www.chess.com"]

[Event "Titled Tuesday Blitz April 11 Early 2023"]
[White "Poliakova, Varvara"]
[Black "Shukhman, Anna"]
[WhiteFideId "13518313"]
[BlackFideId "54180058"]
[WhiteElo "2075"]
[BlackElo "2125"]
[Result "1-0"]
[Round "11"]
[TimeControl "180+2"]
[Date "2023.04.11"]
[WhiteClock "0:00:17"]
[BlackClock "0:00:07"]

1. e4 c5 2. Nf3 e6 3. d4 cxd4 4. Nxd4 a6 5. Nc3 b5 6. g3 Bb7 7. Bg2 Nc6 8. O-O Qc7 9. Be3 Nf6 10. Re1 Be7 11. a3 O-O 12. Nxc6 dxc6 13. f4 e5 14. f5 c5 15. Nd5 Bxd5 16. exd5 Rad8 17. Qd2 Qd7 18. Qf2 c4 19. Rad1 Ng4 20. Qf3 Nxe3 21. Qxe3 Qxf5 22. Qxe5 Qxe5 23. Rxe5 Bf6 24. Re3 Bxb2 25. d6 c3 26. d7 a5 27. Bc6 b4 28. axb4 axb4 29. Re8 b3 30. Rde1 g6 31. Rxd8 Rxd8 32. Re2 bxc2 33. Rxc2 Kf8 34. Re2 Ba3 35. Kf1 Be7 36. Re3 f5 37. Rxc3 Kf7 38. Ba4 Bf6 39. Rc8 Ke6 40. Rc6+ Kf7 41. Ke2 Bg5 42. Rc8 Ke6 43. h3 h5 44. h4 Bf6 45. Kf3 Kf7 46. Kf4 Be7 47. Ke5 Bf6+ 48. Kd6 g5 49. hxg5 Bxg5 50. Kc7 h4 51. Rxd8 hxg3 52. Re8 g2 53. Re1 f4 54. Bc6 f3 55. Bxf3 Be3 56. Bxg2 Bf4+ 57. Kc8 Bg5 58. Re8 Bd8 59. Rxd8 Kf6 60. Rf8+ Ke5 61. d8=Q Ke6 62. Qe8+ Kd6 63. Rf6+ Kc5 64. Qe5+ Kb4 65. Rf4+ Ka3 66. Qe3+ Kb2 67. Rf2+ Kb1 68. Qe1# 1-0


[Site "https://www.chess.com"]

[Event "Titled Tuesday Blitz April 11 Early 2023"]
[White "Rakhmatullaev, Almas"]
[Black "Jumanov, Elbek"]
[WhiteFideId "14205793"]
[BlackFideId "14202905"]
[WhiteElo "2221"]
[BlackElo "2055"]
[Result "1-0"]
[Round "11"]
[TimeControl "180+2"]
[Date "2023.04.11"]
[WhiteClock "0:00:06"]
[BlackClock "0:00:01"]

1. e4 c5 2. c3 d5 3. exd5 Qxd5 4. d4 Nc6 5. Nf3 Bg4 6. Be2 e6 7. h3 Bh5 8. O-O cxd4 9. cxd4 Nf6 10. Nc3 Qa5 11. Be3 Be7 12. Nd2 Bxe2 13. Qxe2 O-O 14. Nb3 Qd8 15. Rfd1 Nd5 16. Rac1 Rc8 17. Nc5 b6 18. Nd3 Bf6 19. Qg4 Nce7 20. Ne4 Rxc1 21. Rxc1 Nf5 22. Nxf6+ Qxf6 23. Re1 Rc8 24. Ne5 Nfxe3 25. fxe3 Rc2 26. Qg3 h5 27. Rf1 h4 28. Qe1 Qg5 29. Ng4 f5 30. Qd1 Rxb2 31. Qc1 Rxa2 32. Qb1 Rd2 33. Qc1 Ra2 34. Qb1 Nc3 35. Qb3 fxg4 36. Qxe6+ Kh7 37. hxg4 h3 38. Rf3 Rxg2+ 39. Kh1 Qh6 40. Qf5+ Kg8 41. Qc8+ Kh7 42. g5 Rxg5 43. Qxc3 h2 44. Qc2+ Qg6 45. Rh3+ Rh5 46. Rxh5+ Kg8 47. Qxg6 1-0


[Site "https://www.chess.com"]

[Event "Titled Tuesday Blitz April 11 Early 2023"]
[White "Vaibhav, Suri"]
[Black "Martic, Ivan"]
[WhiteFideId "5045185"]
[BlackFideId "929301"]
[WhiteElo "2510"]
[BlackElo "2360"]
[Result "1-0"]
[Round "11"]
[TimeControl "180+2"]
[Date "2023.04.11"]
[WhiteClock "0:00:59"]
[BlackClock "0:00:01"]

1. d4 d5 2. Nf3 Nf6 3. Bf4 c5 4. e3 Nc6 5. Nc3 cxd4 6. exd4 a6 7. Ne5 g6 8. Nxc6 bxc6 9. Na4 Bg7 10. Be2 O-O 11. O-O Nd7 12. Re1 e5 13. dxe5 Nxe5 14. Be3 Re8 15. Bd4 Qh4 16. c3 Bf5 17. Qd2 Bh6 18. Qd1 Ng4 19. Bxg4 Bxg4 20. Qd3 Bf5 21. Qg3 Qxg3 22. hxg3 a5 23. f3 Bc2 24. b3 Bd3 25. Rad1 Bb5 26. Nb6 Rad8 27. Kf2 f5 28. a4 Ba6 29. b4 axb4 30. cxb4 Kf7 31. a5 Rxe1 32. Rxe1 Bd2 33. Rb1 Re8 34. Nd7 Re2+ 35. Kg1 Bd3 36. Rb2 Re1+ 37. Kh2 Bg5 38. Ne5+ 1-0


[Site "https://www.chess.com"]

[Event "Titled Tuesday Blitz April 11 Early 2023"]
[White "Samunenkov, Ihor"]
[Black "Pham, Le Thao Nguyen"]
[WhiteFideId "14187086"]
[BlackFideId "12401226"]
[WhiteElo "2457"]
[BlackElo "2286"]
[Result "1-0"]
[Round "11"]
[TimeControl "180+2"]
[Date "2023.04.11"]
[WhiteClock "0:00:11"]
[BlackClock "0:00:03"]

1. e4 c6 2. d4 d5 3. e5 Bf5 4. Nf3 e6 5. Be2 Nd7 6. O-O h6 7. a4 Ne7 8. a5 a6 9. b4 g5 10. c3 Bg7 11. Bd3 O-O 12. Re1 Ng6 13. Bxf5 exf5 14. Qd3 Ne7 15. Nbd2 Re8 16. Nf1 Nf8 17. Ng3 Qd7 18. h4 f4 19. Nh5 Qg4 20. Nxg7 Kxg7 21. hxg5 hxg5 22. Nh2 Qh5 23. f3 Nfg6 24. Ng4 Rh8 25. Bd2 Qh4 26. Rf1 Rh7 27. Be1 Qh5 28. Nf6 Qh2+ 29. Kf2 Rh3 30. Ng4 Qg3+ 31. Kg1 Qxg4 32. Qxg6+ Nxg6 33. fxg4 Rd3 34. Rf3 Rxf3 35. gxf3 Rh8 36. Rc1 1-0


[Site "https://www.chess.com"]

[Event "Titled Tuesday Blitz April 11 Early 2023"]
[White "Hambleton, Aman"]
[Black "Janaszak, Dawid"]
[WhiteFideId "2606577"]
[BlackFideId "1119206"]
[WhiteElo "2511"]
[BlackElo "2220"]
[Result "1-0"]
[Round "11"]
[TimeControl "180+2"]
[Date "2023.04.11"]
[WhiteClock "0:00:03"]
[BlackClock "0:00:03"]

1. d4 Nf6 2. Bf4 g6 3. Nc3 d5 4. e3 c6 5. Nf3 Bg4 6. Be2 Bxf3 7. Bxf3 Nbd7 8. O-O Bg7 9. e4 dxe4 10. Nxe4 Nxe4 11. Bxe4 O-O 12. c3 e5 13. dxe5 Nxe5 14. Qb3 Qh4 15. g3 Qe7 16. Rfe1 Rfe8 17. Kg2 Qc7 18. Rad1 Re7 19. Re2 Rae8 20. Red2 Qc8 21. Bg5 Qg4 22. f4 Nc4 23. Bxe7 Ne3+ 24. Kf2 Nxd1+ 25. Qxd1 Qxd1 26. Rxd1 Rxe7 27. Rd8+ Bf8 28. Kf3 Kg7 29. Ra8 a6 30. f5 f6 31. fxg6 hxg6 32. Bxg6 Re5 33. Bd3 Rd5 34. Ke2 Rh5 35. h4 Bd6 36. Kf3 Rd5 37. Be4 Rb5 38. b4 Be5 39. a4 Rb6 40. a5 Rb5 41. Bd3 Rd5 42. Be4 Rd2 43. Ra7 Bxc3 44. Rxb7+ Kf8 45. Bxc6 Rb2 46. b5 f5 47. bxa6 Rxb7 48. axb7 Be5 49. a6 Bb8 50. Bd7 1-0


[Site "https://www.chess.com"]

[Event "Titled Tuesday Blitz April 11 Early 2023"]
[White "Fishchuk, Vladyslav"]
[Black "Eynullayev, Atilla"]
[WhiteFideId "34122117"]
[BlackFideId "13413570"]
[WhiteElo "2082"]
[BlackElo "2181"]
[Result "0-1"]
[Round "11"]
[TimeControl "180+2"]
[Date "2023.04.11"]
[WhiteClock "0:00:23"]
[BlackClock "0:01:42"]

1. d4 Nf6 2. Nc3 d5 3. Bf4 e6 4. Nb5 Bb4+ 5. c3 Ba5 6. e3 a6 7. Na3 Nbd7 8. Nf3 O-O 9. Bd3 c5 10. O-O Bc7 11. Ne5 Nxe5 12. dxe5 Nd7 13. Qh5 g6 14. Qf3 Bxe5 15. Nc2 Bg7 16. h4 e5 17. Bg5 f6 18. Qxd5+ Kh8 19. h5 fxg5 20. hxg6 Nf6 21. Qxd8 Rxd8 22. Rad1 e4 23. Bxe4 Rxd1 24. Rxd1 Bg4 25. Bf3 Bxf3 26. gxf3 hxg6 27. e4 Re8 28. Rd6 Kg8 29. Ne3 Kf7 30. a4 Bf8 31. Rb6 Rb8 32. Kf1 Nd7 33. Rb3 b5 34. Nd5 c4 35. Rb4 Bxb4 0-1


[Site "https://www.chess.com"]

[Event "Titled Tuesday Blitz April 11 Early 2023"]
[White "Aradhya, Garg"]
[Black "Melian, Juan Sebastian"]
[WhiteFideId "25006746"]
[BlackFideId "3706575"]
[WhiteElo "2263"]
[BlackElo "2035"]
[Result "1/2-1/2"]
[Round "11"]
[TimeControl "180+2"]
[Date "2023.04.11"]
[WhiteClock "0:00:26"]
[BlackClock "0:00:10"]

1. d4 Nf6 2. c4 e6 3. Nf3 Bb4+ 4. Bd2 a5 5. Nc3 b6 6. g3 Bb7 7. Bg2 O-O 8. O-O d6 9. Rc1 Nbd7 10. Bh3 Qe7 11. a3 Bxc3 12. Bxc3 Ne4 13. Be1 f5 14. d5 e5 15. Nd2 Nxd2 16. Qxd2 Nc5 17. Qc2 f4 18. b4 Nd7 19. Bc3 Nf6 20. Rfd1 axb4 21. axb4 Bc8 22. Bxc8 Rfxc8 23. gxf4 exf4 24. Qf5 Qe4 25. Qxe4 Nxe4 26. Bd2 g5 27. f3 Nf6 28. Bc3 Nd7 29. Kf2 Kf7 30. h4 h6 31. Rh1 Kg6 32. Rh2 Ra2 33. hxg5 hxg5 34. Rch1 Re8 35. Ke1 Ne5 36. Bxe5 Rxe5 37. e4 Rxh2 38. Rxh2 Re8 39. Ra2 Kf6 40. Ra7 Re7 41. Ke2 Ke5 42. Kd3 Rh7 43. c5 bxc5 44. bxc5 Rh3 45. Ke2 Rh2+ 46. Kf1 Rc2 47. cxd6 cxd6 48. Ra4 Rb2 49. Rc4 Kf6 50. Rc8 Ke5 51. Rc4 Ra2 52. Kg1 Kf6 53. Rb4 Re2 54. Kf1 Rc2 55. Rb8 Ke5 56. Rb4 Ra2 57. Ke1 Rh2 58. Ra4 Rg2 59. Kf1 Rb2 60. Rc4 1/2-1/2


[Site "https://www.chess.com"]

[Event "Titled Tuesday Blitz April 11 Early 2023"]
[White "Kozin, Yuri"]
[Black "Weetik, Vjacheslav"]
[WhiteFideId "4129920"]
[BlackFideId "4153472"]
[WhiteElo "2555"]
[BlackElo "2469"]
[Result "0-1"]
[Round "11"]
[TimeControl "180+2"]
[Date "2023.04.11"]
[WhiteClock "0:00:13"]
[BlackClock "0:01:07"]

1. e4 c5 2. Nf3 Nc6 3. d4 cxd4 4. Nxd4 g6 5. Nc3 Bg7 6. Be3 Nf6 7. Bc4 O-O 8. Bb3 Qa5 9. O-O d6 10. h3 Bd7 11. Nd5 Nxd5 12. exd5 Nxd4 13. Bxd4 Bf6 14. Bxf6 exf6 15. Qd4 Kg7 16. Rfe1 Rfe8 17. c3 Qc5 18. Qd2 Re5 19. Kh1 Rae8 20. f4 Re4 21. Rxe4 Rxe4 22. Re1 Bf5 23. Rxe4 Bxe4 24. Kh2 h5 25. a3 h4 26. Ba2 Qb5 27. c4 Qa4 28. Qc3 Qd1 29. Qe3 Qc2 30. Qg1 Qxb2 31. c5 Qxa2 32. cxd6 Qxd5 0-1


[Site "https://www.chess.com"]

[Event "Titled Tuesday Blitz April 11 Early 2023"]
[White "Berezin, Viktor"]
[Black "Mirzoev, Azer"]
[WhiteFideId "14107872"]
[BlackFideId "13400304"]
[WhiteElo "2310"]
[BlackElo "2525"]
[Result "0-1"]
[Round "11"]
[TimeControl "180+2"]
[Date "2023.04.11"]
[WhiteClock "0:00:05"]
[BlackClock "0:00:30"]

1. d4 d5 2. c4 e6 3. Nf3 a6 4. Qc2 Nf6 5. g3 c5 6. cxd5 exd5 7. dxc5 Nc6 8. Bg2 Ne4 9. O-O Bf5 10. Nh4 Be6 11. Nc3 Nxc5 12. Rd1 d4 13. Bxc6+ bxc6 14. Nf3 d3 15. exd3 Be7 16. d4 Nb7 17. Ne5 Rc8 18. Bf4 O-O 19. Rac1 f6 20. Nxc6 Rxc6 21. d5 Rxc3 22. Qxc3 Bg4 23. Re1 Bd6 24. Bxd6 Nxd6 25. Qc7 h5 26. Re7 Nf5 27. Rd7 Qe8 28. d6 Kh7 29. Qb7 Qe6 30. Rcc7 Rg8 31. Qb3 Qe1+ 32. Kg2 Qe4+ 33. Kg1 Bh3 34. Rxg7+ Rxg7 35. Rxg7+ Nxg7 0-1


[Site "https://www.chess.com"]

[Event "Titled Tuesday Blitz April 11 Early 2023"]
[White "Hajiyev, Kanan"]
[Black "Idani, Pouya"]
[WhiteFideId "13404148"]
[BlackFideId "12510130"]
[WhiteElo "2103"]
[BlackElo "2574"]
[Result "0-1"]
[Round "11"]
[TimeControl "180+2"]
[Date "2023.04.11"]
[WhiteClock "0:00:15"]
[BlackClock "0:00:08"]

1. d4 Nf6 2. Nf3 d5 3. c4 e6 4. cxd5 exd5 5. Nc3 h6 6. Bf4 Bd6 7. Bxd6 Qxd6 8. Qc2 c6 9. e3 O-O 10. Bd3 Re8 11. O-O Nbd7 12. Rab1 Qe7 13. Rfc1 Ne4 14. b4 a6 15. a4 Nf8 16. Ne5 f6 17. Nf3 Bg4 18. Bxe4 dxe4 19. Nd2 f5 20. d5 Rac8 21. dxc6 Rxc6 22. Qb3+ Kh7 23. Nd5 Rxc1+ 24. Rxc1 Qe5 25. h3 Rd8 26. Rc5 Be2 27. Nc4 Bxc4 28. Qxc4 Ne6 29. Ra5 b6 30. Nxb6 Rd1+ 31. Qf1 Rxf1+ 32. Kxf1 Qa1+ 33. Ke2 Qb2+ 34. Kf1 Qxb4 35. Rxa6 Nc5 36. Nd5 Qb1+ 37. Ke2 Qd3+ 38. Ke1 Nxa6 39. Nf4 Qb1+ 40. Ke2 Nb4 0-1


[Site "https://www.chess.com"]

[Event "Titled Tuesday Blitz April 11 Early 2023"]
[White "Seo, Jung Min"]
[Black "Yurasova, Daria"]
[WhiteFideId "1734687"]
[BlackFideId "34146919"]
[WhiteElo "2468"]
[BlackElo "2134"]
[Result "1-0"]
[Round "11"]
[TimeControl "180+2"]
[Date "2023.04.11"]
[WhiteClock "0:00:48"]
[BlackClock "0:00:01"]

1. b3 b6 2. Bb2 Bb7 3. c4 e6 4. Nf3 Nf6 5. g3 Be7 6. Bg2 d6 7. O-O Nbd7 8. d4 c5 9. d5 exd5 10. Nh4 O-O 11. cxd5 Re8 12. e4 Bf8 13. Re1 Ne5 14. f4 Ng6 15. Nxg6 hxg6 16. Nc3 Nd7 17. a4 a6 18. Qd3 Be7 19. Nd1 Bf6 20. h4 Bxb2 21. Nxb2 Nf6 22. Nc4 b5 23. axb5 axb5 24. Rxa8 Bxa8 25. Na3 b4 26. Nc2 Qb6 27. Ne3 Bb7 28. Nc4 Qc7 29. e5 dxe5 30. fxe5 Nd7 31. e6 fxe6 32. Qxg6 Nf6 33. h5 e5 34. h6 Rf8 35. Rxe5 Qf7 36. Qxf7+ Rxf7 37. Nd6 Rd7 38. Nxb7 Rxb7 39. hxg7 Kxg7 40. d6 Rd7 41. Rxc5 Rxd6 42. Rc4 Rd3 43. Rxb4 Rxg3 44. Rb7+ Kf8 45. Kf2 Rg5 46. Bf3 Rf5 47. Ke3 Re5+ 48. Kd4 Re1 49. b4 Ke8 50. b5 Kd8 51. Rf7 Nd7 52. Bc6 Nb6 53. Rb7 Nc8 54. Rd7+ Ke8 55. Kc3 Re3+ 56. Rd3+ Kf7 57. Rxe3 1-0


[Site "https://www.chess.com"]

[Event "Titled Tuesday Blitz April 11 Early 2023"]
[White "Arabidze, Meri"]
[Black "Lopez, Henry"]
[WhiteFideId "13604040"]
[BlackFideId "5203830"]
[WhiteElo "2405"]
[BlackElo "2177"]
[Result "1-0"]
[Round "11"]
[TimeControl "180+2"]
[Date "2023.04.11"]
[WhiteClock "0:00:10"]
[BlackClock "0:00:02"]

1. Nf3 c5 2. g3 b6 3. Bg2 Bb7 4. O-O Nf6 5. c4 e6 6. d4 cxd4 7. Qxd4 Be7 8. Nc3 a6 9. Rd1 d6 10. Bg5 Nbd7 11. e4 Qc7 12. Rac1 Rc8 13. b3 O-O 14. h3 h6 15. Be3 Rfe8 16. Nh2 Nc5 17. Ng4 Red8 18. f3 Nxg4 19. hxg4 Bf6 20. Qd2 Be7 21. g5 hxg5 22. Bxg5 Ba8 23. Bxe7 Qxe7 24. Qf4 g6 25. Rd2 Kg7 26. Rcd1 e5 27. Qe3 Qc7 28. Bh3 Rb8 29. Bf1 Ne6 30. Rh2 Rh8 31. Rdd2 Nd4 32. Rdf2 b5 33. Ne2 Qc5 34. Nxd4 exd4 35. Qd2 bxc4 36. Bxc4 Qe5 37. Qf4 f6 38. Qg4 Bc6 39. Bd3 Bb5 40. f4 Qe7 41. Bxb5 axb5 42. f5 g5 43. Rh5 Rh6 44. Rxh6 Kxh6 45. Rh2+ Kg7 46. Qh5 Rg8 47. e5 1-0


[Site "https://www.chess.com"]

[Event "Titled Tuesday Blitz April 11 Early 2023"]
[White "Al-Tarboush, Ward"]
[Black "Chernomordik, Pavel"]
[WhiteFideId "7601450"]
[BlackFideId "2804530"]
[WhiteElo "2265"]
[BlackElo "2193"]
[Result "1-0"]
[Round "11"]
[TimeControl "180+2"]
[Date "2023.04.11"]
[WhiteClock "0:01:34"]
[BlackClock "0:00:16"]

1. e4 g6 2. d4 Bg7 3. Nc3 d6 4. Be3 a6 5. h4 h6 6. f4 h5 7. Be2 b5 8. g4 hxg4 9. Bxg4 Nf6 10. Bxc8 Qxc8 11. Qf3 Qb7 12. O-O-O b4 13. Nd5 Nxd5 14. exd5 Nd7 15. f5 gxf5 16. Qxf5 Nf6 17. Kb1 Qxd5 18. Qh3 e6 19. Ne2 O-O-O 20. Nf4 Qf5 21. Qg2 Kb8 22. Qxg7 Rh7 23. Qg5 Rg8 24. Qxf5 exf5 25. h5 Rg3 26. Bd2 a5 27. h6 Ng4 28. Nd5 c6 29. Bf4 Rg2 30. Bxd6+ Kb7 31. Nf4 Rh2 32. Rxh2 Nxh2 33. Bf8 Ng4 34. Rh1 f6 35. Bg7 Nf2 36. Rh5 Ne4 37. Ne6 Ng3 38. Rh3 f4 39. Nf8 Rxh6 40. Bxh6 f3 41. Rxg3 f2 42. Rf3 1-0


[Site "https://www.chess.com"]

[Event "Titled Tuesday Blitz April 11 Early 2023"]
[White "Skliarov, Viktor"]
[Black "Dudzinski, Pawel"]
[WhiteFideId "14106736"]
[BlackFideId "1117890"]
[WhiteElo "2317"]
[BlackElo "2099"]
[Result "1-0"]
[Round "11"]
[TimeControl "180+2"]
[Date "2023.04.11"]
[WhiteClock "0:00:06"]
[BlackClock "0:00:01"]

1. e4 c6 2. d4 d5 3. e5 c5 4. dxc5 e6 5. a3 Bxc5 6. b4 Bb6 7. Qg4 Kf8 8. Nf3 Ne7 9. Bd3 Ng6 10. h4 a5 11. h5 Ne7 12. b5 Nd7 13. h6 g6 14. Bg5 Qc7 15. Qf4 f5 16. exf6 Nf5 17. g4 Nd6 18. O-O Nf7 19. Qd2 e5 20. Re1 e4 21. Bf4 Qd8 22. g5 exf3 23. Nc3 Nc5 24. Bf1 Be6 25. Rad1 Rc8 26. Nxd5 Bxd5 27. Qxd5 Qxd5 28. Rxd5 Na4 29. c4 Bc7 30. Bxc7 Rxc7 31. Bh3 Nc3 32. Rd3 Ne2+ 33. Kf1 Nf4 34. Rxf3 Nxh3 35. Rxh3 Nxg5 36. Rhe3 Kf7 37. Re7+ Rxe7 38. Rxe7+ Kxf6 39. Rxb7 Rc8 40. Rb6+ Ke5 41. Ra6 Rxc4 42. Rxa5 Kd5 43. b6+ Kc6 44. Rb5 Kb7 45. Rxg5 Kxb6 46. Re5 Rh4 47. Re6+ Ka5 48. Re3 Rxh6 49. Kg2 Rh4 50. Kg3 g5 51. f3 h6 52. Re6 Rh1 53. Re3 Ka4 54. Kg2 Ra1 55. Re6 Rxa3 56. Rxh6 Kb4 57. Rg6 Ra5 58. Kg3 Kc4 59. Kg4 Kd4 60. Rxg5 Ra1 61. Kf4 Rh1 62. Rg8 Kd5 63. Kf5 Kd6 64. Kf6 Rf1 65. Rg3 Kd5 66. Kf5 Kd4 67. f4 Rf2 68. Rg1 Ke3 69. Re1+ Kf3 70. Ke5 Kg3 71. f5 Kg4 72. f6 Kg5 73. Rg1+ Kh6 74. Ke6 Kh7 75. f7 Re2+ 76. Kd7 Rd2+ 77. Ke8 Re2+ 78. Kf8 Re3 79. Rh1+ Kg6 80. Kg8 Re7 81. f8=Q 1-0


[Site "https://www.chess.com"]

[Event "Titled Tuesday Blitz April 11 Early 2023"]
[White "Hua, Lefong"]
[Black "Kopczynski, Michal"]
[WhiteFideId "2602253"]
[BlackFideId "1124200"]
[WhiteElo "2614"]
[BlackElo "2212"]
[Result "1-0"]
[Round "11"]
[TimeControl "180+2"]
[Date "2023.04.11"]
[WhiteClock "0:01:13"]
[BlackClock "0:00:47"]

1. d4 Nf6 2. c4 g6 3. Nc3 Bg7 4. e4 d6 5. f4 O-O 6. Nf3 c5 7. d5 Na6 8. Be2 Nc7 9. a4 a6 10. O-O Rb8 11. e5 Nfe8 12. a5 b5 13. axb6 Rxb6 14. Ra2 Rb4 15. Bd2 Bg4 16. Ne4 Rb6 17. Bc3 h6 18. h3 Bf5 19. Ng3 Bc8 20. Bd3 f5 21. exf6 Bxf6 22. Bxg6 Bxc3 23. bxc3 Rxf4 24. Qd2 e5 25. Nh5 Rf8 26. Qxh6 Qe7 27. Raf2 a5 28. Ng5 Rxf2 29. Rxf2 a4 30. Rf8+ Qxf8 31. Qh7# 1-0


[Site "https://www.chess.com"]